 Dungeon Crawl Stone Soup version 0.21-a0-507-ga8f6b7a (webtiles) character file.

52 slep the Poker (level 3, -1/30 HPs)
             Began as a Hill Orc Gladiator on Nov 28, 2017.
             Succumbed to a goblin's poison
             ... on level 1 of the Dungeon.
             The game lasted 00:04:46 (1013 turns).

slep the Poker (Hill Orc Gladiator)                 Turns: 1013, Time: 00:04:47

Health: -1/30      AC:  4    Str: 17    XL:     3   Next: 85%
Magic:  3/3        EV: 12    Int:  8    God:
Gold:   43         SH:  0    Dex: 12    Spells: 2/2 levels left

rFire    . . .     SeeInvis .   a - +0 trident
rCold    . . .     Gourm    .   (no shield)
rNeg     . . .     Faith    .   b - +0 leather armour
rPois    .         Spirit   .   c - +0 helmet
rElec    .         Reflect  .   (no cloak)
rCorr    .         Harm     .   (no gloves)
MR       .....                  (no boots)
Stlth    +.........             (no amulet)
HPRegen  0.10/turn              (no ring)
MPRegen  0.08/turn              (no ring)

@: lethally poisoned (-1 -> -25), about to teleport
A: no striking features
a: no special abilities


You were on level 1 of the Dungeon.
You were not hungry.

You visited 1 branch of the dungeon, and saw 2 of its levels.

You collected 43 gold pieces.

Inventory:

Hand Weapons
 a - a +0 trident (weapon)
Missiles
 d - 3 throwing nets (quivered)
Armour
 b - a +0 leather armour (worn)
 c - a +0 helmet (worn)
Scrolls
 g - a scroll of remove curse {unknown}
 h - a scroll of amnesia {unknown}
 i - a scroll of identify {unknown}
Comestibles
 f - 2 bread rations
 j - a chunk of flesh


   Skills:
 + Level 2.7 Fighting
 + Level 4.1 Polearms
 + Level 2.0 Throwing
 + Level 0.9 Armour
 + Level 2.9 Dodging


You had 2 spell levels left.
You didn't know any spells.

Dungeon Overview and Level Annotations

Branches:
Dungeon (2/15)

Altars:


Message History

You barely miss the goblin.
You feel sick. The jackal closely misses you. The kobold closely misses you.
The goblin hits you but does no damage.
You are more poisoned.
The jackal closely misses you. The hobgoblin misses you. The jackal bites you.
The hobgoblin barely misses you.
You aren't carrying any potions.
* * * LOW HITPOINT WARNING * * *
You feel sick. The jackal closely misses you. The kobold misses you.
The goblin hits you with a dagger of venom.
* * * LOW HITPOINT WARNING * * *
You are more poisoned.
The jackal misses you. The hobgoblin hits you.
* * * LOW HITPOINT WARNING * * *
You climb upwards.
* * * LOW HITPOINT WARNING * * *
You feel very sick.
There is a stone staircase leading down here.
As you read the scroll labeled TULATW BIRUETI, it crumbles to dust.
You feel strangely unstable.
It was a scroll of teleportation.
You die...

.......######'##
#........#.##
.......#.......#
#........#.###
.......#.......#
#...†....#...#
.......#.......#
#...).####.⌠.#
.......#.......# #.....#
#....
.......#.......#####.....#
##.##
..>....'.......'...'.....#
#....
######.#.......#####.....#
#.⌠.# #
#.#####..hK@g...##### #...#
######.# #..(ghg....# #.###
..>....# #..........# #.##
######## #..........## #..##
..# #######........[..#
##... ..#
#...............#.#########.
..# #............(.(#......#
## ..#
#........(.((...##.....# ..#
#........###....##.....#


You could see 2 jackals, 2 hobgoblins, a goblin and a kobold.

Vanquished Creatures
  Robin (D:2)
  A dart slug (D:1)
  A giant cockroach (D:1)
  8 goblins
  7 hobgoblins (D:1)
  5 jackals
  A ball python (D:1)
  4 bats
  2 frilled lizards
  4 kobolds (D:1)
34 creatures vanquished.

Notes
Turn   | Place    | Note
-------+----------+-------------------------------------------
     0 | D:1      | slep the Hill Orc Gladiator began the quest for the Orb.
     0 | D:1      | Reached XP level 1. HP: 18/18 MP: 1/1
   161 | D:1      | Reached XP level 2. HP: 21/25 MP: 2/2
   419 | D:1      | Reached XP level 3. HP: 23/30 MP: 3/3
   568 | D:2      | Noticed Robin
   585 | D:2      | Killed Robin
   585 | D:2      | Reached skill level 4 in Polearms
   621 | D:1      | HP: 1/30 [jackal (3)]
  1012 | D:1      | HP: 1/30 [poisoned by a goblin]
  1013 | D:1      | Succumbed to a goblin's poison

Vault maps used:
D:1:      dpeg_arrival_chambers_temple_mockup
D:2:      first_bread, chequers_ecumenical_altar_twisty, serial_bayou_pond_a,
          minmay_tetromino_s4, uniq_robin

Skill      XL: |  1  2  3 |
---------------+----------+-----
Throwing       | 2 |  2.0
Polearms       | 4 |  4.1
Fighting       | |  2.7
Armour         | |  0.9
Dodging        | |  2.9

Action                   || total
-------------------------++-------
Melee: Trident           ||   127
  Use: Scroll            ||     1
  Eat: Chunk             ||     1
Armor: Leather armour    ||    79
Dodge: Dodged            ||   152

Table legend:
 A = Spawn XP
 B = Non-spawn XP
 C = Spawn XP percentage of total XP
 D = Spawn monster count
 E = Non-spawn monster count
 F = Spawn count percentage of total count
 G = Total turns spent on level
                    A         B        C        D         E        F      G
               +---------+---------+-------+---------+---------+-------+---------
         Total |       0 |      75 |   0.0 |       0 |      34 |   0.0 |  1013
               +---------+---------+-------+---------+---------+-------+---------
           D:1 |       0 |      46 |   0.0 |       0 |      25 |   0.0 |   897
           D:2 |       0 |      29 |   0.0 |       0 |       9 |   0.0 |   116
               +---------+---------+-------+---------+---------+-------+---------
